 Dungeon Crawl Stone Soup version 0.31-a0-716-gc7603755dd (webtiles) character file.

Game seed: 12885357735019922262

283 dialectric the Sneak (level 6, -2/43 HPs)
             Began as an Octopode Berserker on Sept 10, 2023.
             Was a Believer of Trog.
             Slain by an ogre
             ... wielding a +0 giant spiked club
              (20 damage)
             ... on level 5 of the Dungeon.
             The game lasted 00:03:22 (2420 turns).

dialectric the Sneak (Octopode Berserker)           Turns: 2420, Time: 00:03:23

Health: -2/43      AC:  1    Str: 18    XL:     6   Next: 28%
Magic:  6/6        EV: 14    Int:  9    God:    Trog [**....]
Gold:   108        SH:  0    Dex: 12    Spells: 5/5 levels left

rFire   . . .        e - +1 dagger (venom)
rCold   . . .        (no shield)
rNeg    . . .        (helmet restricted)
rPois   .            (no amulet)
rElec   .            (no ring)
rCorr   .            (no ring)
SInv    .            (no ring)
Will    .....        (no ring)
Stlth   ++++         (no ring)
HPRegen 0.27/turn    (no ring)
MPRegen 0.10/turn    (no ring)
                     (no ring)

%: no passive effects
@: no status effects
A: almost no armour, amphibious, 8 rings, camouflage 1, gelatinous body 1,
(nimble swimmer 1), tentacles
a: Renounce Religion, Berserk, Trog's Hand


You were on level 5 of the Dungeon.
You worshipped Trog.
Trog was pleased with you.
You visited 1 branch of the dungeon, and saw 5 of its levels.

You collected 178 gold pieces.
You spent 70 gold pieces at shops.

Inventory:

Hand Weapons
 a - a +0 spear
 e - a +1 dagger of venom (weapon)
Missiles
 j - 2 boomerangs
Jewellery
 o - an amulet of magic regeneration
Scrolls
 b - a scroll of torment {unknown}
 c - 2 scrolls of identify {unknown}
 d - a scroll of blinking {unknown}
 f - 2 scrolls of teleportation {unknown}
 g - a scroll of amnesia {unknown}
 h - 2 scrolls of butterflies {unknown}
 n - a scroll of fog {unknown}
Potions
 i - 3 potions of curing {unknown}
 k - 2 potions of heal wounds
 l - a potion of degeneration {unknown}
 m - a potion of lignification {unknown}


   Skills:
 + Level 4.1 Fighting
 + Level 2.4 Short Blades
 - Level 3.2 Polearms
 + Level 4.2 Dodging
 + Level 4.4 Stealth


You had 5 spell levels left.
You didn't know any spells.
Your spell library was empty.

Dungeon Overview and Level Annotations

Branches:
Dungeon (5/15)
 Temple: D:4-7

Altars:
Fedhas
Trog

Shops:
D:3 !

Annotations:
D:4 Blork the orc


Innate Abilities, Weirdness & Mutations

You cannot wear most types of armour.
You are amphibious.
You can wear up to eight rings at the same time.
Your skin changes colour to match your surroundings (Stealth+).
Your rubbery body absorbs attacks. (AC +1, EV +1)
((You are camouflaged when in or above water. (Stealth+)))
You have tentacles for arms and can constrict up to eight enemies at once.


Message History

The iguana moves out of view.
No target in view!
No target in view!
An iguana is nearby!
An iguana is nearby!
An iguana is nearby!
An ogre and an iguana come into view.
The iguana misses you.
You barely miss the iguana. Your grab misses the iguana.
You tentacle-slap the iguana, but do no damage.
You squeeze the iguana, but do no damage.
You hit the iguana but do no damage. You grab the iguana.
You squeeze the iguana!
The iguana is heavily wounded.
You constrict the iguana, but do no damage.
The iguana bites you!
You hit the iguana but do no damage.
The iguana is poisoned.
The iguana is heavily wounded.
You constrict the iguana. The iguana bites you!
You are too injured to fight recklessly!
You are too injured to fight recklessly!
You are too injured to fight recklessly!
You are too injured to fight recklessly!
Unknown command.
You release your grip on the iguana.
You hit the iguana but do no damage. You grab the iguana.
The iguana is severely wounded.
You constrict the iguana, but do no damage.
The iguana closely misses you.
You release your grip on the iguana.
You hit the iguana. Your grab misses the iguana.
The iguana is almost dead.
The iguana bites you.
The iguana looks more healthy.
You hit the iguana.
You kill the iguana!
Trog accepts your kill. The ogre attacks as it pursues you!
The ogre hits you with a +0 giant spiked club!!
You die...

..>..........<.###
......######..##
....### #..##
##..## ##..# #...#
#..# ##..# ##.##
#..# #..# ##.##
#..## #..# ##.@##
##.## ###..O####
### #..#
##........##..#
#..##
##...####......#
##...###...##
###...##
#.........## #..##
#...##...### #..#
##.#####..# #..#
## #..# #....


You could see an ogre.

Vanquished Creatures
  An ogre (D:5)
  A hound (D:3)
  2 iguanas
  An orc wizard (D:4)
  2 adders
  A dart slug (D:4)
  2 worms
  4 orcs (D:3)
  7 endoplasms
  3 giant cockroaches
  9 goblins
  5 hobgoblins
  5 jackals
  4 kobolds
  A quokka (D:1)
  3 ball pythons
  7 bats
  2 frilled lizards
  5 rats
65 creatures vanquished.

Notes
Turn   | Place    | Note
-------+----------+-------------------------------------------
     0 | D:1      | dialectric the Octopode Berserker began the quest for the
                  | Orb.
     0 | D:1      | Reached XP level 1. HP: 16/16 MP: 1/1
    86 | D:1      | Reached XP level 2. HP: 19/21 MP: 2/2
   253 | D:1      | You fall into a shaft and drop 1 floor!
   332 | D:2      | Reached XP level 3. HP: 23/26 MP: 3/3
   343 | D:2      | Reached ** piety under Trog
   992 | D:3      | Reached skill level 1 in Stealth
  1001 | D:3      | Found a blossoming altar of Fedhas.
  1064 | D:3      | Found Ehul's Distillery.
  1102 | D:3      | Bought a potion of heal wounds for 70 gold pieces
  1142 | D:3      | Reached XP level 4. HP: 33/33 MP: 4/4
  1154 | D:3      | Identified the +8 chain mail of Tyuteich {Dex+2 SInv}
  1156 | D:3      | Found a bloodstained altar of Trog.
  1766 | D:4      | Noticed Blork the orc
  1787 | D:3      | Reached skill level 1 in Short Blades
  2121 | D:4      | Reached XP level 5. HP: 22/37 MP: 5/5
  2245 | D:5      | Entered Level 5 of the Dungeon
  2257 | D:5      | Noticed an ogre
  2266 | D:5      | Killed an ogre
  2267 | D:5      | Reached XP level 6. HP: 22/43 MP: 6/6
  2420 | D:5      | Slain by an ogre

Illustrated notes

Levels and vault maps discovered:
D:1:      shiori_shiawase, layout_basic,
          dreamdust_ecumenical_altar_hidden_monk_grotto
D:2:      layout_loops_cross
D:3:      layout_rooms, mainiacjoe_overflow_cross_hatched,
          general_overflow_altar, serial_shops, shop
D:4:      layout_basic, kennysheep_mini_moat,
          mainiacjoe_overflow_small_starburst, serial_shops,
          nicolae_square_shop, hangedman_abyss_or_decor_stagger,
          kennysheep_flooded_box, grunt_ministairs_7, hangedman_decor_lopped,
          roderic_roman_lattice, uniq_blork_the_orc
D:5:      layout_layer_cave

Skill      XL: |  1  2  3  4  5 |
---------------+----------------+-----
Stealth        | 1 3 4 |  4.4
Short Blades   | 1 2 |  2.4
Dodging        | 4 |  4.2
Fighting       | 4 |  4.1
Polearms       | |  3.2

Action                     |  1- 3 |  4- 6 || total
---------------------------+-------+-------++-------
  Melee: Dagger            |    67 |    56 ||   123
         Spear             |     3 |       ||     3
         Constrict         |    22 |    12 ||    34
         Tentacles         |     9 |    11 ||    20
         Punch             |       |     1 ||     1
 Invoke: Berserk           |     1 |     1 ||     2
   Stab: Sleeping          |     9 |     8 ||    17
 Armour: Skin              |    33 |    29 ||    62
  Dodge: Dodged            |    52 |    41 ||    93

Table legend: (Time is in decaauts)
 A = Elapsed time spent in this place.
 B = Non-inter-level travel time spent in this place.
 C = Inter-level travel time spent in this place.
 D = Time resting spent in this place.
 E = Time spent auto-exploring this place.
 F = Levels seen in this place.
 G = Mean time per level.
                   A        B        C        D        E       F      G
               +--------+--------+--------+--------+--------+-----+--------+
         Total |   2437 |   2367 |     70 |    108 |   1646 |   5 |  487.4 |
       Dungeon |   2437 |   2367 |     70 |    108 |   1646 |   5 |  487.4 |
               +--------+--------+--------+--------+--------+-----+--------+

Top non-repeatable levels by time:
     D:2: 744 daAuts
     D:3: 635 daAuts
     D:1: 487 daAuts
     D:4: 388 daAuts
     D:5: 181 daAuts
